 Dungeon Crawl Stone Soup version 0.29.0-4-gdea44cf6ec (webtiles) character file.

Game seed: 18365788485280313765

42 qw the Chopper (level 3, -1/21 HPs)
             Began as a Tengu Warper on Aug 28, 2022.
             Succumbed to a goblin's poison
             ... on level 2 of the Dungeon.
             The game lasted 00:00:07 (1538 turns).

qw the Chopper (Tengu Warper)                       Turns: 1538, Time: 00:00:07

Health: -1/21      AC:  3    Str: 13    XL:     3   Next: 54%
Magic:  7/7        EV: 12    Int: 13    God:
Gold:   36         SH:  0    Dex: 13    Spells: 6/6 levels left

rFire   . . .      SeeInvis .   c - +1 hand axe (elec)
rCold   . . .      Faith    .   (no shield)
rNeg    . . .      Spirit   .   b - +0 leather armour
rPois   .          Reflect  .   (helmet restricted)
rElec   .          Harm     .   (no cloak)
rCorr   .          Rampage  .   (no gloves)
Will    .....                   (boots unavailable)
Stlth   +.........              (no amulet)
HPRegen 0.07/turn               (no ring)
MPRegen 0.10/turn               (no ring)

@: lethally poisoned (-1 -> -12)
A: beak, talons 3
a: no special abilities


You were on level 2 of the Dungeon.
You visited 1 branch of the dungeon, and saw 2 of its levels.

You collected 36 gold pieces.


Innate Abilities, Weirdness & Mutations

You have a beak for a mouth.
You have claws for feet.


   Skills:
 - Level 2.0 Fighting
 + Level 4.2 Axes
 - Level 1.0 Throwing
 - Level 1.1 Armour
 - Level 2.1 Dodging
 - Level 2.0 Spellcasting
 - Level 2.4 Translocations


You had 6 spell levels left.
You didn't know any spells.
Your spell library contained the following spells:

 Spells                   Type           Power      Damage    Failure   Level
 Blink                    Tloc           14%        N/A       19%         2
 Gell's Gravitas          Tloc           7%         N/A       36%         3
 Lesser Beckoning         Tloc           7%         N/A       36%         3
 Teleport Other           Tloc           7%         N/A       36%         3
 Manifold Assault         Tloc           7%         N/A       98%         5

Inventory:

Hand Weapons
 c - a +1 hand axe of electrocution (weapon)
 g - a +0 mace
Armour
 b - a +0 leather armour (worn)
Scrolls
 a - a scroll of teleportation {unknown}
Potions
 i - a potion of haste {unknown}

Dungeon Overview and Level Annotations

Branches:
Dungeon (2/15)

Altars:

Shops:
D:2 (


Message History

There is an entrance to Quejuaxt's Weapon Shop here.
Enter note:
1510 ||| SHOPLISTING +0 flail (42 gold, have 36).
You can access your shopping list by pressing '$'.
The hobgoblin shouts!
You completely miss the hobgoblin. Your kick misses the hobgoblin.
The hobgoblin barely misses you.
You hit the hobgoblin.
The hobgoblin is almost dead.
The hobgoblin barely misses you.
You hit the hobgoblin but do no damage.
Lightning courses through the hobgoblin!
You kill the hobgoblin!
You see here a hobgoblin corpse.
A frilled lizard comes into view.
1522 ||| Stepping ~*~*~tactically~*~*~ (stealth).
Found a scroll labelled ZAENLE FAIPNIULU.
The frilled lizard hisses angrily.
A goblin comes into view.
It is wielding a +0 club and quivering poisoned darts.
You hit the frilled lizard.
You kill the frilled lizard!
The goblin throws a poisoned dart.
The poisoned dart closely misses you.
The goblin throws a poisoned dart.
The poisoned dart hits you!
You are poisoned.
You feel sick.
You feel sick.
The goblin throws a poisoned dart.
The poisoned dart closely misses you.
You feel sick.
The goblin throws a poisoned dart.
The poisoned dart hits you!
You are more poisoned.
You feel very sick.
You feel sick.
The goblin throws a poisoned dart.
The poisoned dart hits you!
You are lethally poisoned!
You feel very sick.
You slash the goblin! Lightning courses through the goblin!
You kill the goblin!
You feel very sick.
There is a lethal amount of poison in your body!
You feel sick.
There is a lethal amount of poison in your body!
You die...

#.?......# ........
....... ..... ....
..#.#...###... ..
#)#.......... #.#
#@#.#<...... ...#
##.#........##...#
#..#.#............
###%##.#............
#..\...###.......#
#.#.#........###
#....#####.#...#
####.......#.#.######
#########.........


There were no monsters in sight!

Vanquished Creatures
  An adder (D:2)
  2 bats (D:1)
  An endoplasm (D:2)
  3 goblins
  7 hobgoblins
  2 jackals (D:1)
  2 quokkas
  A ball python (D:1)
  4 frilled lizards
  4 kobolds (D:1)
  2 rats (D:1)
29 creatures vanquished.

Notes
Turn   | Place    | Note
-------+----------+-------------------------------------------
     0 | D:1      | qw the Tengu Warper began the quest for the Orb.
     0 | D:1      | Reached XP level 1. HP: 12/12 MP: 4/4
     0 | D:1      | 0 ||| qw: Version: 0.1-a-89-g26bdef1
     0 | D:1      | 0 ||| qw: Game counter: 2001
     0 | D:1      | 0 ||| qw: Always use a shield: true
     0 | D:1      | 0 ||| qw: God list: Okawaru
     0 | D:1      | 0 ||| qw: Allow faded altars: false
     0 | D:1      | 0 ||| qw: Do Orc after D:15 true
     0 | D:1      | 0 ||| qw: Do second Lair branch before Depths: true
     0 | D:1      | 0 ||| qw: Lair rune preference: random
     0 | D:1      | 0 ||| qw: Plans: Normal
     0 | D:1      | 0 ||| PLANNING D:1-11
   193 | D:1      | Reached skill level 3 in Axes
   193 | D:1      | Reached XP level 2. HP: 13/17 MP: 6/6
   285 | D:1      | 285 ||| Stepping ~*~*~tactically~*~*~ (stealth).
   473 | D:1      | 473 ||| Stepping ~*~*~tactically~*~*~ (stealth).
   882 | D:1      | Reached XP level 3. HP: 21/21 MP: 7/7
  1136 | D:1      | 1136 ||| DROPPING amulet of faith.
  1137 | D:1      | 1137 ||| READING scroll labelled QIATUU FEOTRUS.
  1138 | D:1      | 1138 ||| READING scroll labelled DEXYRUYCZU.
  1139 | D:1      | 1139 ||| READING scroll labelled KEM ERUITREICH.
  1140 | D:1      | 1140 ||| DRINKING 2 yellow potions.
  1141 | D:1      | 1141 ||| DROPPING scroll of blinking.
  1177 | D:2      | 1177 ||| STAIRDANCE
  1246 | D:2      | 1246 ||| SWAPPING to +1 hand axe of electrocution.
  1247 | D:2      | 1247 ||| DROPPING +0 hand axe.
  1300 | D:2      | 1300 ||| Stepping ~*~*~tactically~*~*~ (stealth).
  1314 | D:2      | HP: 5/21 [adder (2)]
  1315 | D:2      | 1315 ||| DRINKING potion of heal wounds.
  1317 | D:2      | Reached skill level 4 in Axes
  1501 | D:2      | Found Quejuaxt's Weapon Shop.
  1510 | D:2      | 1510 ||| SHOPLISTING +0 flail (42 gold, have 36).
  1522 | D:2      | 1522 ||| Stepping ~*~*~tactically~*~*~ (stealth).
  1536 | D:2      | HP: 3/21 [poisoned by a goblin]
  1537 | D:2      | HP: 1/21 [poisoned by a goblin]
  1538 | D:2      | Succumbed to a goblin's poison

Levels and vault maps discovered:
D:1:      evilmike_arrival_home_sweet_home, layout_basic
D:2:      layout_basic, serial_shops, nicolae_shop_crystal, minmay_hedge_maze

Skill      XL: |  1  2  3 |
---------------+----------+-----
Axes           | 3 4 |  4.2
Fighting       | |  2.0
Throwing       | |  1.0
Armour         | |  1.1
Dodging        | |  2.1
Spellcasting   | |  2.0
Translocations | |  2.4

Action                   || total
-------------------------++-------
Melee: Hand axe          ||    74
       Kick              ||    10
       Peck              ||    10
       Punch             ||     1
Throw: Boomerang         ||     7
  Use: Scroll            ||     3
       Potion            ||     2
Armor: Leather armour    ||    16
Dodge: Dodged            ||    36

Table legend:
 A = Non-vault XP
 B = Vault XP
 C = Vault XP percentage of total XP
 D = Non-vault monster count
 E = Vault monster count
 F = Vault count percentage of total count
                 A         B        C        D         E       F
            +---------+---------+-------+---------+---------+-------
      Total |      60 |       0 |   0.0 |      29 |       0 |   0.0
            +---------+---------+-------+---------+---------+-------
        D:1 |      36 |       0 |   0.0 |      22 |       0 |   0.0
        D:2 |      24 |       0 |   0.0 |       7 |       0 |   0.0
            +---------+---------+-------+---------+---------+-------
